 Dungeon Crawl Stone Soup version 0.30-a0-711-gf4ac18a38d (webtiles) character file.

Game seed: 12122901476031355111

77 bande the Covered (level 4, -2/29 HPs)
             Began as a Gargoyle Fighter on Jan 23, 2023.
             Slain by an iguana (7 damage)
             ... on level 4 of the Dungeon.
             The game lasted 00:01:55 (1610 turns).

bande the Covered (Gargoyle Fighter)                Turns: 1610, Time: 00:01:56

Health: -2/29      AC: 10    Str: 19    XL:     4   Next: 33%
Magic:  4/4        EV:  9    Int:  9    God:
Gold:   115        SH:  4    Dex: 11    Spells: 3/3 levels left

rFire   . . .      SeeInvis .    a - +0 war axe
rCold   . . .      Faith    .    c - +0 buckler
rNeg    + . .      Spirit   .    b - +0 scale mail
rPois   ∞          Reflect  .    (no helmet)
rElec   +          Harm     .    (no cloak)
rCorr   .          Rampage  .    (no gloves)
Will    +....                    (no boots) Stlth
                                 (no amulet)
HPRegen 0.24/turn                k - ring of willpower
MPRegen 0.09/turn                (no ring)

@: no status effects
A: sickness immunity, AC +3, negative energy resistance 1, electricity
resistance, torment resistance 1, petrification resistance
a: no special abilities


You were on level 4 of the Dungeon.
You visited 1 branch of the dungeon, and saw 4 of its levels.

You collected 115 gold pieces.

Inventory:

Hand Weapons
 a - a +0 war axe (weapon)
Armour
 b - a +0 scale mail (worn)
 c - a +0 buckler (worn)
Jewellery
 k - a ring of willpower (left hand)
Scrolls
 f - 2 scrolls of noise {unknown}
 g - a scroll of fog {unknown}
 h - a scroll of enchant weapon {unknown}
 i - a scroll of brand weapon {unknown}
 j - 2 scrolls of identify {unknown}
 o - a scroll of amnesia {unknown}
 p - a scroll of poison {unknown}
Potions
 d - a potion of might
 e - a potion of invisibility {unknown}
 l - 2 potions of heal wounds {unknown}
 m - 4 potions of curing {unknown}
 n - a potion of brilliance {unknown}


   Skills:
 + Level 3.7 Fighting
 + Level 2.8 Axes
 + Level 4.2 Armour
 + Level 3.5 Shields


You had 3 spell levels left.
You didn't know any spells.
Your spell library contained the following spells:

 Spells                   Type           Power      Damage    Failure   Level
 Ozocubu's Armour         Ice            0%         N/A       99%         3
 Metabolic Englaciation   Hex/Ice        0%         N/A       100%        5
 Simulacrum               Ice/Necr       0%         N/A       100%        6


Dungeon Overview and Level Annotations

Branches:
Dungeon (4/15)
 Temple: D:4-7

Altars:


Innate Abilities, Weirdness & Mutations

You are immune to sickness and miasma.
Your stone body is resilient. (AC +3)
You are immune to poison.
You resist negative energy. (rN+)
You are resistant to electric shocks. (rElec)
You are resistant to unholy torment.
You are immune to petrification.


Message History

You barely miss the orc. You block the bat's attack.
The orc hits you with a +2 hand axe of freezing.
The orc freezes you. The frilled lizard closely misses you.
An endoplasm comes into view.
The orc hits you but does no damage.
The orc hits you with a +2 hand axe of freezing.
The orc freezes you.
* * * LOW HITPOINT WARNING * * *
You have reached level 4!
You feel clever. The orc attacks as you move away!
The orc hits you with a +0 club.
* * * LOW HITPOINT WARNING * * *
The bat hits you but does no damage. The iguana attacks as you move away!
The iguana bites you.
* * * LOW HITPOINT WARNING * * *
The frilled lizard attacks as you move away!
The frilled lizard bites you but does no damage.
The bat hits you but does no damage. The iguana attacks as you move away!
The iguana closely misses you. The iguana attacks as you move away!
The iguana bites you.
* * * LOW HITPOINT WARNING * * *
The iguana attacks as you move away! You block the iguana's attack.
The iguana attacks as you move away!
The iguana bites you but does no damage.
The iguana attacks as you move away!
The iguana bites you but does no damage.
There is a stone staircase leading down here.
You block the iguana's attack.
You climb downwards.
There is a stone staircase leading up here.
You completely miss the iguana.
The iguana bites you but does no damage.
You hit the iguana.
The iguana is lightly wounded.
The iguana bites you but does no damage.
The iguana closely misses you.
You hit the iguana but do no damage.
The iguana is lightly wounded.
The iguana bites you!
You die...

#...
#...
#...
#...
#...
#...
#..l##
#...@#
#.#.##
...
####


You could see an iguana.

Vanquished Creatures
  An orc wizard (D:3)
  An adder (D:2)
  A dart slug (D:1)
  2 endoplasms (D:1)
  3 giant cockroaches
  3 goblins
  3 hobgoblins
  4 quokkas
  7 ball pythons
  5 bats
  A frilled lizard (D:3)
  4 kobolds
  6 rats
41 creatures vanquished.

Notes
Turn   | Place    | Note
-------+----------+-------------------------------------------
     0 | D:1      | bande the Gargoyle Fighter began the quest for the Orb.
     0 | D:1      | Reached XP level 1. HP: 14/14 MP: 1/1
   294 | D:1      | Reached XP level 2. HP: 18/19 MP: 2/2
   459 | D:1      | Found a faded altar of an unknown god.
   895 | D:2      | Identified the +5 spear of Extinguishment {elec, *Noise
                  | rPois Will+ SInv}
   923 | D:2      | Reached XP level 3. HP: 23/23 MP: 3/3
   941 | D:2      | Reached skill level 4 in Armour
  1587 | D:3      | Reached XP level 4. HP: 8/29 MP: 4/4
  1588 | D:3      | HP: 1/29 [iguana (5)]
  1596 | D:3      | HP: 1/29 [iguana (2)]
  1610 | D:4      | Slain by an iguana

Illustrated notes

Levels and vault maps discovered:
D:1:      kennysheep_arrival_forest, layout_basic,
          ebering_ecumenical_altar_abandoned
D:2:      minmay_general_purpose_star, layout_basic
D:3:      layout_basic, uniq_sigmund
D:4:      layout_basic, mainiacjoe_overflow_cross_hatched,
          kennysheep_little_box, minmay_temple_entry_glassed_door, uniq_duvessa

Skill      XL: |  1  2  3 |
---------------+----------+-----
Axes           | 2 |  2.8
Armour         | 4 |  4.2
Fighting       | |  3.7
Shields        | |  3.5

Action                     |  1- 3 |  4- 6 || total
---------------------------+-------+-------++-------
  Melee: War axe           |   101 |     3 ||   104
 Armour: Scale mail        |    54 |     7 ||    61
  Dodge: Dodged            |    55 |     2 ||    57
  Block: Buckler           |    29 |     2 ||    31

Table legend: (Time is in decaauts)
 A = Elapsed time spent in this place.
 B = Non-inter-level travel time spent in this place.
 C = Inter-level travel time spent in this place.
 D = Time resting spent in this place.
 E = Time spent auto-exploring this place.
 F = Levels seen in this place.
 G = Mean time per level.
                   A        B        C        D        E       F      G
               +--------+--------+--------+--------+--------+-----+--------+
         Total |   1652 |   1626 |     26 |      0 |   1334 |   4 |  413.0 |
       Dungeon |   1652 |   1626 |     26 |      0 |   1334 |   4 |  413.0 |
               +--------+--------+--------+--------+--------+-----+--------+

Top non-repeatable levels by time:
     D:1: 879 daAuts
     D:2: 504 daAuts
     D:3: 265 daAuts
     D:4: 3 daAuts
